 Dungeon Crawl Stone Soup version 0.30-a0-881-g1ff12e1e11 (webtiles) character file.

Game seed: 6865095630394473497

1184 Newt the Skirmisher (level 8, -1/73 HPs)
             Began as a Kobold Hunter on Mar 14, 2023.
             Was an Initiate of Hepliaklqana.
             Slain by a sky beast (3 damage)
             ... on level 6 of the Dungeon.
             The game lasted 00:05:44 (6477 turns).

Newt the Skirmisher (Kobold Hunter)                 Turns: 6477, Time: 00:05:44

Health: -1/73      AC: 24    Str:  8    XL:     8   Next: 70%
Magic:  8/8        EV:  3    Int: 11    God:    Hepliaklqana [......]
Gold:   307        SH:  0    Dex: 20    Spells: 7/7 levels left

rFire   . . .      SeeInvis .    a - +1 shortbow
rCold   . . .      Faith    .    (shield currently unavailable)
rNeg    . . .      Spirit   .    c - melded +1 leather armour
rPois   +          Reflect  .    (helmet currently unavailable)
rElec   .          Rampage  .    (cloak currently unavailable)
rCorr   +          NoTele   +    t - melded +0 pair of gloves
Will    .....                    (boots currently unavailable)
Stlth   +++                      (no amulet)
HPRegen 0.32/turn                q - ring of resist corrosion
MPRegen 0.11/turn                m - ring of flight

@: mighty, tree-form, hasted, very quick
A: stationary, stasis, torment immunity, boosted hp, small, no large weapons,
nightstalker 3, (horns 1), MP-powered wands, (sturdy frame 1)
a: Renounce Religion


You were on level 6 of the Dungeon.
You worshipped Hepliaklqana.
Hepliaklqana was noncommittal.
You were a tree.
You visited 1 branch of the dungeon, and saw 6 of its levels.

You collected 307 gold pieces.

Inventory:

Hand Weapons
 a - a +1 shortbow (weapon)
Missiles
 s - 4 boomerangs of dispersal
Armour
 c - a +1 leather armour (melded)
 t - a +0 pair of gloves (melded)
Jewellery
 m - a ring of flight (right branch)
 q - a ring of resist corrosion (left branch)
 u - a ring of protection from fire
Wands
 d - a wand of iceblast (18)
 e - a wand of polymorph (7)
Scrolls
 b - a scroll of immolation
 f - a scroll of enchant armour
 j - a scroll of amnesia
 l - 7 scrolls of teleportation
 n - a scroll of fog
 o - a scroll of blinking
 p - 2 scrolls of noise {unknown}
Potions
 g - a potion of berserk rage
 h - a potion of lignification
 i - a potion of resistance
 k - 2 potions of flight


   Skills:
 - Level 5.0 Fighting
 + Level 11.2 Ranged Weapons
 - Level 6.0 Dodging
 - Level 1.3 Stealth


You had 7 spell levels left.
You didn't know any spells.
Your spell library contained the following spells:

 Spells                   Type           Power      Damage    Failure   Level
 Necrotise                Necr           0%         1d4       34%         1
 Summon Small Mammal      Summ           0%         N/A       34%         1
 Call Canine Familiar     Summ           0%         N/A       71%         3
 Summon Guardian Golem    Hex/Summ       0%         N/A       71%         3
 Vampiric Draining        Necr           0%         2d6       71%         3
 Agony                    Necr           0%         N/A       100%        5
 Conjure Ball Lightning   Conj/Air       0%         3x3d6     100%        6
 Discord                  Hex            0%         N/A       100%        8
 Disjunction              Tloc           0%         N/A       100%        8


Dungeon Overview and Level Annotations

Branches:
Dungeon (6/15)
 Temple: D:4-7

Altars:
Elyvilon
Hepliaklqana
Okawaru
Qazlal

Shops:
D:1 (

Annotations:
D:6 3 runed translucent doors, dracfodder's ghost, novice GrFi


Innate Abilities, Weirdness & Mutations

You are a tree.
Your roots penetrate the ground, keeping you stationary.
You cannot be teleported.
You are immune to unholy pain and torment.
Your maximum health is greatly increased.
Your equipment is partially melded.
You are small and have problems with some larger weapons.
You are completely attuned to the shadows.
((You have a pair of small horns on your head.))
You expend magic power (3 MP) to strengthen your wands.
((Your movements are slightly less encumbered by armour. (ER -2)))


Message History

Fire: a) +1 shortbow
Press: ? - help, Shift-Dir - straight line, f/p - gnoll
Aim: a gnoll, wielding a +0 whip (moderately wounded, 73% to hit)
You shoot an arrow. The arrow closely misses the gnoll.
The arrow hits the gnoll!
You kill the gnoll!
You hear a croak.
You hear a howl!
Fire: a) +1 shortbow
Press: ? - help, Shift-Dir - straight line, f - gnoll
Aim: a gnoll, wielding a +0 spear (73% to hit)
You shoot an arrow.
The arrow hits the gnoll but does no damage.
Something hits you but does no damage.
Unknown command.
Fire: a) +1 shortbow
Press: ? - help, Shift-Dir - straight line, f/p - gnoll
Aim: a gnoll, wielding a +0 spear (73% to hit)
You shoot an arrow. The arrow hits the gnoll.
The gnoll is lightly wounded.
Something hits you.
* * * LOW HITPOINT WARNING * * *
Something shocks you.
* * * LOW HITPOINT WARNING * * *
The gnoll hits you but does no damage.
Unknown command.
Fire: a) +1 shortbow
Press: ? - help, Shift-Dir - straight line, f/p - gnoll
Aim: a gnoll, wielding a +0 spear (lightly wounded, 73% to hit)
You shoot an arrow. The arrow barely misses the gnoll.
The arrow closely misses the wight.
You hear a loud, deep croak!
Unknown command.
Unknown command.
Fire: a) +1 shortbow
Press: ? - help, Shift-Dir - straight line, f/p - gnoll
Aim: a gnoll, wielding a +0 spear (lightly wounded, 73% to hit)
You shoot an arrow. The arrow hits the gnoll.
The gnoll is moderately wounded.
Something hits you.
You die...

# ##. .. ......
###.#.....##. .......
.....#.....##. ......#
#.#.............
......####.#..........##.
....#zg{♣...........#.#..
.....#####..###.###.#.#..
...#..>............÷.....
....######§.#########....
.... ###§§# #.#.. ...
##.§l.## #.... ....Ds..#
##### ....§§..## ⌠K#
....§§.... .#W


You could see a wight and a gnoll.

Vanquished Creatures
  Grinder (D:3)
  A water moccasin (D:6)
  A centaur (D:6)
  A bullfrog (D:6)
  2 scorpions
  2 orc priests (D:5)
  4 hounds
  A gnoll bouda (D:5)
  Ijyb (D:3)
  3 iguanas
  2 orc wizards
  5 gnolls
  4 adders
  2 white imps (D:5)
  2 dart slugs
  8 orcs
  6 ball pythons
  8 bats
  7 endoplasms
  9 giant cockroaches
  5 goblins
  7 hobgoblins
  4 jackals
  4 quokkas
  10 frilled lizards
  6 kobolds
  21 rats
127 creatures vanquished.

Vanquished Creatures (others)
  2 scorpions (D:6)
2 creatures vanquished.

Grand Total: 129 creatures vanquished

Notes
Turn   | Place    | Note
-------+----------+-------------------------------------------
     0 | D:1      | Newt the Kobold Hunter began the quest for the Orb.
     0 | D:1      | Reached XP level 1. HP: 12/12 MP: 1/1
   244 | D:1      | Reached XP level 2. HP: 17/18 MP: 2/2
   333 | D:1      | Reached XP level 3. HP: 21/24 MP: 3/3
   420 | D:1      | Found Mizotirch's Weapon Shop.
   837 | D:2      | Reached XP level 4. HP: 30/30 MP: 4/4
  1702 | D:2      | Reached skill level 5 in Fighting
  2110 | D:3      | Noticed Grinder
  2133 | D:3      | Killed Grinder
  2134 | D:3      | Reached skill level 8 in Ranged Weapons
  2134 | D:3      | Reached XP level 5. HP: 6/35 MP: 5/5
  2134 | D:3      | Reached XP level 6. HP: 7/40 MP: 6/6
  2459 | D:3      | Noticed Ijyb
  2478 | D:3      | Killed Ijyb
  3263 | D:4      | Reached XP level 7. HP: 44/44 MP: 7/7
  3473 | D:4      | Reached skill level 9 in Ranged Weapons
  3647 | D:4      | Found a stormy altar of Qazlal.
  3988 | D:4      | Found an iron altar of Okawaru.
  4041 | D:5      | Entered Level 5 of the Dungeon
  4146 | D:4      | Reached skill level 10 in Ranged Weapons
  4151 | D:4      | HP: 2/44 [poisoned by a scorpion]
  4789 | D:5      | Found a hazy altar of Hepliaklqana.
  4991 | D:5      | Found a white marble altar of Elyvilon.
  5055 | D:5      | Reached XP level 8. HP: 49/49 MP: 8/8
  5371 | D:5      | Reached skill level 5 in Dodging
  5946 | D:5      | Became a worshipper of Hepliaklqana the Forgotten
  5977 | D:6      | Found a runed translucent gate.
  5978 | D:6      | Found a runed translucent gate.
  5979 | D:6      | Found a runed translucent gate.
  5980 | D:6      | Noticed dracfodder's ghost (novice GrFi)
  6162 | D:6      | Reached skill level 11 in Ranged Weapons
  6469 | D:6      | Gained mutation: You expend magic power (3 MP) to
                  | strengthen your wands. [potion of mutation]
  6469 | D:6      | Gained mutation: You have a pair of small horns on your
                  | head. [potion of mutation]
  6469 | D:6      | Gained mutation: Your movements are slightly less
                  | encumbered by armour. (ER -2) [potion of mutation]
  6475 | D:6      | HP: 2/73 [something (5)]
  6477 | D:6      | Slain by a sky beast

Illustrated notes

Levels and vault maps discovered:
D:1:      erik_arrival_blinker_ship, layout_rooms, serial_shops,
          nicolae_diamond_shop, minmay_pentomino_x2
D:2:      minmay_roachtagon, layout_rooms, serial_co_window_serial,
          co_window_corner_a, co_window_paths_a, co_window_corner_a,
          co_window_paths_b, co_window_paths_b, co_window_paths_b,
          co_window_corner_a, co_window_of_opportunity_a, co_window_paths_b,
          co_window_broadway_b, co_window_of_opportunity_b, co_window_cross_3,
          co_window_corner_b, co_window_paths_c, co_window_4corner_a,
          glass_columns_a, minmay_rat_hole
D:3:      layout_basic, minmay_unequal, uniq_grinder, uniq_ijyb
D:4:      layout_loops_ring, kennysheep_okawaru_gauntlet,
          mainiacjoe_overflow_catwalk, corner_web_ring, minivault_14
D:5:      layout_layer_cave, mainiacjoe_overflow_chevrons,
          nicolae_elyvilon_temple_path
D:6:      lemuel_ice_spiral_2, layout_basic, gammafunk_ghost_nasty_kobolds,
          uniq_eustachio, uniq_duvessa

Skill      XL: |  1  2  3  4  5  6  7  8 |
---------------+-------------------------+-----
Fighting       | 3 4 5 |  5.0
Ranged Weapons | 8 10 11 | 11.2
Dodging        | 4 6 |  6.0
Stealth        | |  1.3

Action                     |  1- 3 |  4- 6 |  7- 9 || total
---------------------------+-------+-------+-------++-------
   Fire: Shortbow          |    86 |   131 |   161 ||   378
    Use: Scroll            |       |     8 |     2 ||    10
         Potion            |       |     2 |     5 ||     7
 Armour: Leather armour    |    15 |    16 |    15 ||    46
         Skin              |       |       |     7 ||     7
  Dodge: Dodged            |    46 |    54 |    72 ||   172

Table legend: (Time is in decaauts)
 A = Elapsed time spent in this place.
 B = Non-inter-level travel time spent in this place.
 C = Inter-level travel time spent in this place.
 D = Time resting spent in this place.
 E = Time spent auto-exploring this place.
 F = Levels seen in this place.
 G = Mean time per level.
                   A        B        C        D        E       F      G
               +--------+--------+--------+--------+--------+-----+--------+
         Total |   6541 |   6299 |    242 |   1747 |   3842 |   6 | 1090.2 |
       Dungeon |   6541 |   6299 |    242 |   1747 |   3842 |   6 | 1090.2 |
               +--------+--------+--------+--------+--------+-----+--------+

Top non-repeatable levels by time:
     D:2: 1467 daAuts
     D:4: 1378 daAuts
     D:5: 1355 daAuts
     D:3: 1179 daAuts
     D:1: 657 daAuts
     D:6: 504 daAuts
